Washington Capitals vs Colorado Rockies
(R1)
Created - Monday, September 30, 2024 at 09:08
Goals
|
| Washington Capitals |
0 |
2 |
1 |
3 |
| Colorado Rockies |
0 |
1 |
1 |
2 |
|
Shots
|
| Washington Capitals |
14 |
10 |
11 |
35 |
| Colorado Rockies |
14 |
12 |
9 |
35 |
|
1st period
No Goal
Penalties :
Nikita Zadorov (COL) for Holding (Minor) at 11:04
2nd period
1. Colorado Rockies , Nikita Kucherov 17 (Ryan O'Reilly 23, Jesper Bratt 16) at 10:42
2. Washington Capitals , Brad Marchand 17 (Jordan Kyrou 15, Nick Foligno 16) at 15:35
3. Washington Capitals , Yegor Chinakhov 6 (Drake Batherson 11) at 19:17
Penalties :
Drake Batherson (WSH) for Holding (Minor) at 11:35
3rd period
4. Washington Capitals , Alex Ovechkin 11 (Nico Hischier 15, Jason Robertson 18) at 1:16 (PP)
5. Colorado Rockies , Tim Stutzle 8 (David Pastrnak 17) at 2:55 (PP)
Penalties :
Victor Hedman (COL) for Tripping (Minor) at 0:43, Nick Foligno (WSH) for Boarding (Minor) at 2:45, Ryan O'Reilly (COL) for Slashing (Minor) at 9:01, Jesper Bratt (COL) for Interference (Minor) at 9:16, Alex Ovechkin (WSH) for Tripping (Minor) at 9:37, Nick Foligno (WSH) for Tripping (Minor) at 14:50
Goalie Stats
Jake Oettinger (WSH), 33 saves from 35 shots - (0.943), W, 13-6-0, 60:00 minutes
Daniil Tarasov (COL), 32 saves from 35 shots - (0.914), L, 6-6-1, 59:35 minutes
Players Stats for Washington Capitals
Player Name G A P +/- PIM S H SB GA TA FO MP PP MP PK MP
------------------------------------------------------------------------------------
Alex Ovechkin 1 0 1 -1 2 3 0 0 0 0 0/1 19:55 2:12 0:00
Brad Marchand 1 0 1 1 0 3 2 1 0 0 0/1 19:24 0:00 2:41
David Savard 0 0 0 2 0 0 1 5 0 0 0/0 20:39 1:28 2:29
Derek Ryan 0 0 0 1 0 1 1 1 0 0 1/4 7:37 0:00 0:48
Drake Batherson 0 1 1 0 2 3 0 1 1 1 1/1 11:18 0:00 0:07
Fabian Zetterlund 0 0 0 1 0 2 2 0 0 0 0/0 8:11 0:00 1:22
Ian Cole 0 0 0 0 0 0 1 2 0 1 0/0 17:15 0:09 1:39
Jamie Oleksiak 0 0 0 -1 0 0 0 2 0 0 0/0 20:29 0:00 2:29
Jason Robertson 0 1 1 -1 0 4 1 0 0 0 0/0 18:37 2:13 0:00
John Carlson 0 0 0 -1 0 1 0 1 0 1 0/0 24:03 1:40 0:21
Jordan Kyrou 0 1 1 1 0 4 1 0 0 0 0/1 16:12 0:55 0:00
Michael McLeod 0 0 0 0 0 0 0 1 1 0 7/16 15:12 0:00 2:36
Nick Foligno 0 1 1 1 4 3 2 0 0 0 6/14 17:28 0:55 0:24
Nick Jensen 0 0 0 0 0 0 0 2 0 0 0/0 17:24 1:28 1:39
Nico Hischier 0 1 1 -1 0 7 1 1 0 0 20/35 20:05 2:13 0:24
Owen Tippett 0 0 0 0 0 1 0 0 0 1 0/1 12:25 0:55 0:00
Thomas Harley 0 0 0 2 0 1 3 3 0 0 0/0 20:10 1:31 0:21
Yegor Chinakhov 1 0 1 1 0 2 2 0 0 0 0/0 7:25 0:00 0:36
Players Stats for Colorado Rockies
Player Name G A P +/- PIM S H SB GA TA FO MP PP MP PK MP
------------------------------------------------------------------------------------
David Pastrnak 0 1 1 0 0 1 1 1 0 1 0/1 18:38 2:13 2:25
Evgeny Kuznetsov 0 0 0 -1 0 1 0 0 0 0 0/0 6:51 0:00 0:00
Jesper Bratt 0 1 1 0 2 5 2 0 1 0 0/2 20:49 2:16 1:17
Kevin Hayes 0 0 0 -1 0 2 0 0 0 0 2/3 7:14 0:00 0:00
Kyle Connor 0 0 0 0 0 1 2 1 0 0 0/0 16:25 2:13 0:12
Kyle Palmieri 0 0 0 0 0 2 0 2 0 0 3/3 13:05 0:00 0:27
Martin Fehervary 0 0 0 0 0 2 0 2 1 1 0/0 23:29 2:19 2:25
Michael Bunting 0 0 0 0 0 1 0 0 0 0 1/2 12:15 0:00 0:00
Nick Bonino 0 0 0 -1 0 0 0 1 0 0 1/1 9:40 0:41 0:00
Nick Schmaltz 0 0 0 0 0 5 0 0 1 0 3/8 12:15 0:00 0:00
Nikita Kucherov 1 0 1 0 0 6 2 0 0 0 5/6 19:20 1:55 1:53
Nikita Zadorov 0 0 0 0 2 2 2 3 0 0 0/0 21:57 2:19 1:13
Quinn Hughes 0 0 0 -1 0 1 2 0 0 0 0/0 21:48 2:10 2:11
Ryan O'Reilly 0 1 1 0 2 4 2 2 0 0 14/26 20:29 1:56 1:03
Tim Stutzle 1 0 1 0 0 1 2 1 0 0 10/22 16:21 2:13 0:00
Timothy Liljegren 0 0 0 0 0 0 3 0 0 0 0/0 16:20 0:00 1:07
Victor Hedman 0 0 0 -1 2 1 0 1 0 0 0/0 21:17 2:10 2:06
Vince Dunn 0 0 0 0 0 0 1 1 1 0 0/0 15:13 0:00 0:00
3 Stars
1 - Brad Marchand (WSH)
2 - Jake Oettinger (WSH)
3 - Yegor Chinakhov (WSH)
Power Play
Washington Capitals - 1 on 4 Attempt(s) - 25.00%
Colorado Rockies - 1 on 4 Attempt(s) - 25.00%
Penalty Kill
Washington Capitals - 3 on 4 Attempt(s) - 75.00%
- Score 0 goal in Penalty Kill
Colorado Rockies - 3 on 4 Attempt(s) - 75.00%
- Score 0 goal in Penalty Kill
Team Stat
Washington Capitals - Hits : 17 - Faceoff Wins : 35 - Blocked Shots : 20 - Penalty Minutes : 8
Colorado Rockies - Hits : 19 - Faceoff Wins : 39 - Blocked Shots : 15 - Penalty Minutes : 8
Official
Referees : Beaudry Halkidis and Conor O'Donnell
Linesman : Tyson Baker and Matt MacPherson
Game Notes
No Game Note
Finance
Level 1 -- Attendance: 5769 (96.15%) -- Ticket Income $519,210
Level 2 -- Attendance: 4498 (89.96%) -- Ticket Income $247,390
Level 3 -- Attendance: 2391 (79.70%) -- Ticket Income $83,685
Level 4 -- Attendance: 3500 (70.00%) -- Ticket Income $87,500
Luxury Box -- Attendance: 1000 (100.00%) -- Ticket Income $175,000
Game was played at the Pepsi Center.
Total Attendance: 17158 (85.79%)
Total Ticket Income: $1,112,785
Other Income: $389,475
Total Income: $1,502,260
Washington Capitals
5 vs 5 Forward
Center Left Wing Right Wing Time % Phy DF OF
1 Nico Hischier Alex Ovechkin Jason Robertson 40 1 1 3
2 Nick Foligno Brad Marchand Jordan Kyrou 30 1 1 3
3 Michael McLeod Drake Batherson Owen Tippett 20 1 1 3
4 Derek Ryan Yegor Chinakhov Fabian Zetterlund 10 1 1 3
5 vs 5 Defense
Defense Defense Time % Phy DF OF
1 John Carlson Jamie Oleksiak 37 2 3 0
2 David Savard Thomas Harley 35 2 3 0
3 Ian Cole Nick Jensen 28 2 3 0
4 John Carlson David Savard 0 2 3 0
PowerPlay Forward
Center Left Wing Right Wing Time % Phy DF OF
1 Nico Hischier Alex Ovechkin Jason Robertson 60 1 2 2
2 Nick Foligno Owen Tippett Jordan Kyrou 40 1 2 2
PowerPlay Defense
Defense Defense Time % Phy DF OF
1 John Carlson Thomas Harley 60 1 2 2
2 Nick Jensen David Savard 40 1 2 2
Penalty Kill 4 Players Forward
Center Wing Time % Phy DF OF
1 Michael McLeod Brad Marchand 60 1 2 2
2 Derek Ryan Fabian Zetterlund 40 1 2 2
Penalty Kill 4 Players Defense
Defense Defense Time % Phy DF OF
1 David Savard Jamie Oleksiak 60 1 2 2
2 Nick Jensen Ian Cole 40 1 2 2
Penalty Kill - 3 Players Forward
Forward Time % Phy DF OF
1 Michael McLeod 60 1 2 2
2 Derek Ryan 40 1 2 2
Penalty Kill - 3 Players Defense
Defense Defense Time % Phy DF OF
1 David Savard Jamie Oleksiak 60 1 2 2
2 Nick Jensen Ian Cole 40 1 2 2
4 vs 4 Forward
Center Wing Time % Phy DF OF
1 Nico Hischier Alex Ovechkin 60 1 2 2
2 Nick Foligno Jason Robertson 40 1 2 2
4 vs 4 Defense
Defense Defense Time % Phy DF OF
1 John Carlson Thomas Harley 60 1 2 2
2 Nick Jensen David Savard 40 1 2 2
Last Minutes Offensive
Center Left Wing Right Wing Defense Defense
Nico Hischier Alex Ovechkin Jason Robertson John Carlson Thomas Harley
Last Minutes Defensive
Center Left Wing Right Wing Defense Defense
Michael McLeod Brad Marchand Nick Foligno John Carlson Jamie Oleksiak
Goaltenders
Starting : Jake Oettinger
Backup : Sergei Bobrovsky
Extra Forwards
Normal : Owen Tippett, Drake Batherson, Jordan Kyrou - PP : Owen Tippett, Fabian Zetterlund - PK : Fabian Zetterlund
Extra Defensemen
Normal : Thomas Harley, Jamie Oleksiak, Ian Cole - PP : David Savard - PK : Jamie Oleksiak, Thomas Harley
Penalty Shots
Jason Robertson, Drake Batherson, Derek Ryan, Yegor Chinakhov, David Savard
Scratches
Vladislav Gavrikov (Healthy), Erik Johnson (Healthy), Stefan Noesen (Healthy)
Colorado Rockies
5 vs 5 Forward
Center Left Wing Right Wing Time % Phy DF OF
1 Ryan O'Reilly Jesper Bratt Nikita Kucherov 30 1 2 2
2 Tim Stutzle Kyle Connor David Pastrnak 30 1 2 2
3 Nick Schmaltz Kyle Palmieri Michael Bunting 25 1 2 2
4 Kevin Hayes Nick Bonino Evgeny Kuznetsov 15 1 2 2
5 vs 5 Defense
Defense Defense Time % Phy DF OF
1 Victor Hedman Quinn Hughes 35 1 2 2
2 Nikita Zadorov Martin Fehervary 35 1 2 2
3 Vince Dunn Timothy Liljegren 30 1 2 2
4 Victor Hedman Quinn Hughes 0 1 2 2
PowerPlay Forward
Center Left Wing Right Wing Time % Phy DF OF
1 Ryan O'Reilly Jesper Bratt Nikita Kucherov 50 1 2 2
2 Tim Stutzle Kyle Connor David Pastrnak 50 1 2 2
PowerPlay Defense
Defense Defense Time % Phy DF OF
1 Victor Hedman Quinn Hughes 50 1 2 2
2 Nikita Zadorov Martin Fehervary 50 1 2 2
Penalty Kill 4 Players Forward
Center Wing Time % Phy DF OF
1 Nikita Kucherov David Pastrnak 50 1 2 2
2 Ryan O'Reilly Jesper Bratt 50 1 2 2
Penalty Kill 4 Players Defense
Defense Defense Time % Phy DF OF
1 Victor Hedman Quinn Hughes 50 1 2 2
2 Nikita Zadorov Martin Fehervary 50 1 2 2
Penalty Kill - 3 Players Forward
Forward Time % Phy DF OF
1 Nikita Kucherov 50 1 2 2
2 David Pastrnak 50 1 2 2
Penalty Kill - 3 Players Defense
Defense Defense Time % Phy DF OF
1 Victor Hedman Quinn Hughes 50 1 2 2
2 Nikita Zadorov Martin Fehervary 50 1 2 2
4 vs 4 Forward
Center Wing Time % Phy DF OF
1 Nikita Kucherov David Pastrnak 50 1 2 2
2 Ryan O'Reilly Jesper Bratt 50 1 2 2
4 vs 4 Defense
Defense Defense Time % Phy DF OF
1 Victor Hedman Quinn Hughes 50 1 2 2
2 Nikita Zadorov Martin Fehervary 50 1 2 2
Last Minutes Offensive
Center Left Wing Right Wing Defense Defense
Ryan O'Reilly Jesper Bratt Nikita Kucherov Victor Hedman Quinn Hughes
Last Minutes Defensive
Center Left Wing Right Wing Defense Defense
Ryan O'Reilly Jesper Bratt Nikita Kucherov Victor Hedman Quinn Hughes
Goaltenders
Starting : Daniil Tarasov
Backup : Joey Daccord
Extra Forwards
Normal : Nick Bonino, Kevin Hayes, Kyle Palmieri - PP : Nick Bonino, Kevin Hayes - PK : Kyle Palmieri
Extra Defensemen
Normal : Vince Dunn, Timothy Liljegren, Nikita Zadorov - PP : Vince Dunn - PK : Timothy Liljegren, Nikita Zadorov
Penalty Shots
Nikita Kucherov, David Pastrnak, Ryan O'Reilly, Jesper Bratt, Tim Stutzle
Scratches
Andrew Peeke (Healthy), Jakub Vrana (Healthy)
% Time on Ice - Washington Capitals
Lines # - Real PCT - Wanted PCT - Time Play
Normal Forward
1 - 36% - 40% - 18:07
2 - 30% - 30% - 14:56
3 - 20% - 20% - 9:53
4 - 14% - 10% - 6:47
Normal Defense
1 - 41% - 37% - 20:21
2 - 32% - 35% - 15:45
3 - 27% - 28% - 13:37
4 - 0% - 0% - 0:00
PP Forward
1 - 71% - 60% - 2:13
2 - 29% - 40% - 0:55
PP Defense
1 - 53% - 60% - 1:40
2 - 47% - 40% - 1:28
PK Forward
1 - 82% - 60% - 3:41
2 - 18% - 40% - 0:48
PK Defense
1 - 63% - 60% - 2:50
2 - 37% - 40% - 1:39
PK3 Forward
1 - 0% - 60%
2 - 0% - 40%
PK3 Defense
1 - 0% - 60%
2 - 0% - 40%
44 Forward
1 - 100% - 60% - 1:38
2 - 0% - 40% - 0:00
44 Defense
1 - 61% - 60% - 1:00
2 - 39% - 40% - 0:38
Last Minute Offensive - 0:00
Last Minute Defensive - 1:02
Total
Forward - 60:00
Defense - 60:00
|
% Time on Ice - Colorado Rockies
Lines # - Real PCT - Wanted PCT - Time Play
Normal Forward
1 - 29% - 30% - 14:15
2 - 33% - 30% - 16:10
3 - 25% - 25% - 12:15
4 - 14% - 15% - 6:51
Normal Defense
1 - 33% - 35% - 16:24
2 - 36% - 35% - 17:54
3 - 31% - 30% - 15:13
4 - 0% - 0% - 0:00
PP Forward
1 - 43% - 50% - 1:55
2 - 57% - 50% - 2:34
PP Defense
1 - 48% - 50% - 2:10
2 - 52% - 50% - 2:19
PK Forward
1 - 53% - 50% - 1:29
2 - 47% - 50% - 1:18
PK Defense
1 - 32% - 50% - 0:54
2 - 68% - 50% - 1:53
PK3 Forward
1 - 35% - 50% - 0:36
2 - 65% - 50% - 1:08
PK3 Defense
1 - 62% - 50% - 1:04
2 - 38% - 50% - 0:40
44 Forward
1 - 20% - 50% - 0:03
2 - 80% - 50% - 0:12
44 Defense
1 - 0% - 50% - 0:00
2 - 100% - 50% - 0:15
Last Minute Offensive - 1:14
Last Minute Defensive - 0:00
Total
Forward - 60:00
Defense - 60:00
|
Play-by-Play
1st period
0:01 of 1st period - Nico Hischier wins face-off versus Ryan O'Reilly in neutral zone.
0:39 of 1st period - Snap shot by Jordan Kyrou.
0:39 of 1st period - Deflect By Victor Hedman.
0:39 of 1st period - Shot Misses the Net.
0:39 of 1st period - Puck is out of play.
0:40 of 1st period - Michael McLeod wins face-off versus Nick Schmaltz in Colorado Rockies zone.
0:41 of 1st period - Snap shot by Owen Tippett.
0:41 of 1st period - Stopped by Daniil Tarasov with a rebound.
0:43 of 1st period - Snap shot by Drake Batherson.
0:43 of 1st period - Stopped by Daniil Tarasov with a rebound.
1:43 of 1st period - Icing by Vince Dunn.
1:44 of 1st period - Tim Stutzle wins face-off versus Nick Foligno in Colorado Rockies zone.
1:44 of 1st period - Tim Stutzle is hit by Nick Foligno.
2:00 of 1st period - Wrist shot by David Pastrnak.
2:00 of 1st period - Stopped by Jake Oettinger without a rebound.
2:01 of 1st period - Nikita Kucherov wins face-off versus Nico Hischier in Washington Capitals zone.
2:58 of 1st period - Slapshot by Jordan Kyrou.
2:58 of 1st period - Shot Blocked by Nick Bonino.
3:11 of 1st period - Off-side.
3:12 of 1st period - Derek Ryan wins face-off versus David Pastrnak in neutral zone.
3:15 of 1st period - Kyle Connor is hit by Thomas Harley and loses puck.
3:22 of 1st period - Snap shot by Fabian Zetterlund.
3:22 of 1st period - Deflect By Tim Stutzle.
3:22 of 1st period - Shot Misses the Net.
3:22 of 1st period - Puck is out of play.
3:23 of 1st period - Ryan O'Reilly wins face-off versus Nico Hischier in Colorado Rockies zone.
4:13 of 1st period - Snap shot by Drake Batherson.
4:13 of 1st period - Shot Misses the Net.
4:19 of 1st period - Snap shot by Drake Batherson.
4:19 of 1st period - Stopped by Daniil Tarasov without a rebound.
4:20 of 1st period - Nico Hischier wins face-off versus Ryan O'Reilly in Colorado Rockies zone.
4:25 of 1st period - Snap shot by Jason Robertson.
4:25 of 1st period - Stopped by Daniil Tarasov with a rebound.
4:27 of 1st period - Slapshot by David Savard.
4:27 of 1st period - Shot Blocked by Victor Hedman.
4:51 of 1st period - Slapshot by Kyle Palmieri.
4:51 of 1st period - Stopped by Jake Oettinger without a rebound.
4:52 of 1st period - Nick Foligno wins face-off versus Nick Schmaltz in Washington Capitals zone.
4:57 of 1st period - Snap shot by Kyle Palmieri.
4:57 of 1st period - Stopped by Jake Oettinger with a rebound.
5:33 of 1st period - Jordan Kyrou is hit by Vince Dunn.
5:51 of 1st period - Wrist shot by Nick Foligno.
5:51 of 1st period - Stopped by Daniil Tarasov without a rebound.
5:52 of 1st period - Nico Hischier wins face-off versus Tim Stutzle in Colorado Rockies zone.
6:05 of 1st period - Snap shot by Nico Hischier.
6:05 of 1st period - Stopped by Daniil Tarasov without a rebound.
6:06 of 1st period - Ryan O'Reilly wins face-off versus Nico Hischier in Colorado Rockies zone.
6:13 of 1st period - Snap shot by Ryan O'Reilly.
6:13 of 1st period - Deflect By Nikita Kucherov.
6:13 of 1st period - Stopped by Jake Oettinger with a rebound.
6:15 of 1st period - Slapshot by Quinn Hughes.
6:15 of 1st period - Shot Blocked by Thomas Harley.
6:17 of 1st period - Slapshot by Victor Hedman.
6:17 of 1st period - Shot Blocked by David Savard.
6:21 of 1st period - Wrist shot by Nikita Kucherov.
6:21 of 1st period - Shot Blocked by Thomas Harley.
6:23 of 1st period - Slapshot by Ryan O'Reilly.
6:23 of 1st period - Shot Blocked by David Savard.
6:33 of 1st period - Nico Hischier is hit by Quinn Hughes and loses puck.
6:44 of 1st period - Wrist shot by Evgeny Kuznetsov.
6:44 of 1st period - Stopped by Jake Oettinger without a rebound.
6:45 of 1st period - Tim Stutzle wins face-off versus Michael McLeod in Washington Capitals zone.
6:50 of 1st period - Slapshot by Kyle Connor.
6:50 of 1st period - Stopped by Jake Oettinger without a rebound.
6:51 of 1st period - Michael McLeod wins face-off versus Tim Stutzle in Washington Capitals zone.
7:13 of 1st period - Off-side.
7:14 of 1st period - Nico Hischier wins face-off versus Ryan O'Reilly in neutral zone.
7:19 of 1st period - Snap shot by Nico Hischier.
7:19 of 1st period - Stopped by Daniil Tarasov without a rebound.
7:20 of 1st period - Ryan O'Reilly wins face-off versus Nico Hischier in Colorado Rockies zone.
7:37 of 1st period - Snap shot by Ryan O'Reilly.
7:37 of 1st period - Shot Blocked by David Savard.
7:47 of 1st period - Slapshot by Quinn Hughes.
7:47 of 1st period - Shot Misses the Net.
7:49 of 1st period - Wrist shot by Nick Bonino.
7:49 of 1st period - Shot Misses the Net.
7:53 of 1st period - Slapshot by Victor Hedman.
7:53 of 1st period - Stopped by Jake Oettinger without a rebound.
7:54 of 1st period - Kevin Hayes wins face-off versus Derek Ryan in Washington Capitals zone.
7:58 of 1st period - Icing by Fabian Zetterlund.
7:59 of 1st period - Tim Stutzle wins face-off versus Derek Ryan in Washington Capitals zone.
8:21 of 1st period - Icing by David Pastrnak.
8:22 of 1st period - Drake Batherson wins face-off versus Tim Stutzle in Colorado Rockies zone.
8:47 of 1st period - Snap shot by Kyle Connor.
8:47 of 1st period - Shot Blocked by Nick Jensen.
8:53 of 1st period - Drake Batherson is hit by Timothy Liljegren and loses puck.
9:04 of 1st period - Slapshot by Michael McLeod.
9:04 of 1st period - Deflect By Drake Batherson.
9:04 of 1st period - Shot Misses the Net.
9:04 of 1st period - Puck is out of play.
9:05 of 1st period - Nico Hischier wins face-off versus Jesper Bratt in Colorado Rockies zone.
9:55 of 1st period - Snap shot by Jordan Kyrou.
9:55 of 1st period - Shot Misses the Net.
9:57 of 1st period - Wrist shot by Yegor Chinakhov.
9:57 of 1st period - Stopped by Daniil Tarasov with a rebound.
10:05 of 1st period - Wrist shot by Fabian Zetterlund.
10:05 of 1st period - Shot Misses the Net.
10:50 of 1st period - Wrist shot by Jordan Kyrou.
10:50 of 1st period - Stopped by Daniil Tarasov with a rebound.
10:52 of 1st period - Slapshot by David Savard.
10:52 of 1st period - Shot Blocked by Tim Stutzle.
11:04 of 1st period - Minor Penalty to Nikita Zadorov for Holding.
11:05 of 1st period - Nikita Kucherov wins face-off versus Nico Hischier in Colorado Rockies zone.
11:40 of 1st period - Wrist shot by Jordan Kyrou.
11:40 of 1st period - Shot Blocked by Ryan O'Reilly.
11:42 of 1st period - Slapshot by John Carlson.
11:42 of 1st period - Shot Misses the Net.
12:57 of 1st period - Icing by Jordan Kyrou.
12:58 of 1st period - Kyle Palmieri wins face-off versus Nico Hischier in Washington Capitals zone.
13:04 of 1st period - Penalty to Nikita Zadorov is over, Nikita Zadorov is back on ice.
13:25 of 1st period - Wrist shot by Kevin Hayes.
13:25 of 1st period - Stopped by Jake Oettinger with a rebound.
13:43 of 1st period - Snap shot by Nick Schmaltz.
13:43 of 1st period - Shot Blocked by Michael McLeod.
13:45 of 1st period - Slapshot by Timothy Liljegren.
13:45 of 1st period - Shot Blocked by Ian Cole.
14:19 of 1st period - Snap shot by Fabian Zetterlund.
14:19 of 1st period - Stopped by Daniil Tarasov with a rebound.
14:35 of 1st period - Nico Hischier is hit by Timothy Liljegren and loses puck.
14:58 of 1st period - Snap shot by Kyle Palmieri.
14:58 of 1st period - Shot Blocked by David Savard.
15:37 of 1st period - Snap shot by Fabian Zetterlund.
15:37 of 1st period - Stopped by Daniil Tarasov with a rebound.
15:39 of 1st period - Slapshot by Derek Ryan.
15:39 of 1st period - Shot Misses the Net.
16:07 of 1st period - Quinn Hughes is hit by Jordan Kyrou and loses puck.
16:18 of 1st period - Wrist shot by Nick Schmaltz.
16:18 of 1st period - Stopped by Jake Oettinger with a rebound.
16:20 of 1st period - Slapshot by Nick Schmaltz.
16:20 of 1st period - Stopped by Jake Oettinger with a rebound.
16:22 of 1st period - Slapshot by Quinn Hughes.
16:22 of 1st period - Shot Blocked by Ian Cole.
16:24 of 1st period - Wrist shot by Michael Bunting.
16:24 of 1st period - Stopped by Jake Oettinger with a rebound.
16:28 of 1st period - Wrist shot by Nick Schmaltz.
16:28 of 1st period - Deflect By Jason Robertson.
16:28 of 1st period - Stopped by Jake Oettinger with a rebound.
16:48 of 1st period - Nick Jensen is hit by Tim Stutzle and loses puck.
17:07 of 1st period - Snap shot by Fabian Zetterlund.
17:07 of 1st period - Shot Blocked by Martin Fehervary.
17:27 of 1st period - Snap shot by Kyle Palmieri.
17:27 of 1st period - Deflect By Nick Schmaltz.
17:27 of 1st period - Shot Hit the Post.
17:27 of 1st period - Puck is out of play.
17:28 of 1st period - Nico Hischier wins face-off versus Tim Stutzle in Washington Capitals zone.
17:41 of 1st period - Slapshot by Alex Ovechkin.
17:41 of 1st period - Shot Misses the Net.
17:43 of 1st period - Snap shot by Alex Ovechkin.
17:43 of 1st period - Stopped by Daniil Tarasov with a rebound.
17:45 of 1st period - Slapshot by Nico Hischier.
17:45 of 1st period - Shot Blocked by Kyle Connor.
18:19 of 1st period - Snap shot by Kyle Palmieri.
18:19 of 1st period - Shot Misses the Net.
18:21 of 1st period - Snap shot by Nick Schmaltz.
18:21 of 1st period - Shot Misses the Net.
18:23 of 1st period - Slapshot by Nikita Zadorov.
18:23 of 1st period - Stopped by Jake Oettinger with a rebound.
18:25 of 1st period - Slapshot by Martin Fehervary.
18:25 of 1st period - Stopped by Jake Oettinger without a rebound.
18:26 of 1st period - Michael Bunting wins face-off versus Nico Hischier in Washington Capitals zone.
18:39 of 1st period - Slapshot by Jason Robertson.
18:39 of 1st period - Deflect By Nico Hischier.
18:39 of 1st period - Stopped by Daniil Tarasov with a rebound.
18:41 of 1st period - Slapshot by Thomas Harley.
18:41 of 1st period - Shot Blocked by Nikita Zadorov.
18:43 of 1st period - Slapshot by Nico Hischier.
18:43 of 1st period - Stopped by Daniil Tarasov with a rebound.
19:23 of 1st period - Thomas Harley is hit by David Pastrnak and loses puck.
19:38 of 1st period - Kevin Hayes is hit by Fabian Zetterlund and loses puck.
19:45 of 1st period - Slapshot by Quinn Hughes.
19:45 of 1st period - Shot Blocked by Derek Ryan.
19:54 of 1st period - Off-side.
19:55 of 1st period - Nico Hischier wins face-off versus Nick Schmaltz in neutral zone.
Goals for this period are 0 for Washington Capitals vs 0 for Colorado Rockies.
Shots for this period are 14 for Washington Capitals vs 14 for Colorado Rockies.
2nd period
0:01 of 2nd period - Ryan O'Reilly wins face-off versus Alex Ovechkin in neutral zone.
0:14 of 2nd period - Icing by Nikita Kucherov.
0:15 of 2nd period - Ryan O'Reilly wins face-off versus Nick Foligno in Colorado Rockies zone.
0:22 of 2nd period - Snap shot by Jesper Bratt.
0:22 of 2nd period - Shot Misses the Net.
0:24 of 2nd period - Slapshot by Nikita Zadorov.
0:24 of 2nd period - Stopped by Jake Oettinger without a rebound.
0:25 of 2nd period - Ryan O'Reilly wins face-off versus Nick Foligno in Washington Capitals zone.
0:34 of 2nd period - Slapshot by Jesper Bratt.
0:34 of 2nd period - Shot Blocked by Jamie Oleksiak.
0:38 of 2nd period - Snap shot by Ryan O'Reilly.
0:38 of 2nd period - Stopped by Jake Oettinger without a rebound.
0:39 of 2nd period - Nico Hischier wins face-off versus Ryan O'Reilly in Washington Capitals zone.
0:52 of 2nd period - Alex Ovechkin is hit by Nikita Kucherov and loses puck.
1:36 of 2nd period - Thomas Harley is hit by Kyle Connor and loses puck.
2:39 of 2nd period - Icing by Ian Cole.
2:40 of 2nd period - Ryan O'Reilly wins face-off versus Nick Foligno in Washington Capitals zone.
3:07 of 2nd period - Nico Hischier is hit by Timothy Liljegren and loses puck.
3:36 of 2nd period - Slapshot by Kevin Hayes.
3:36 of 2nd period - Stopped by Jake Oettinger with a rebound.
4:05 of 2nd period - Slapshot by Yegor Chinakhov.
4:05 of 2nd period - Shot Blocked by Nikita Zadorov.
4:39 of 2nd period - Snap shot by Kyle Palmieri.
4:39 of 2nd period - Shot Misses the Net.
4:41 of 2nd period - Wrist shot by Nikita Zadorov.
4:41 of 2nd period - Shot Blocked by David Savard.
4:43 of 2nd period - Slapshot by Nikita Zadorov.
4:43 of 2nd period - Shot Blocked by Thomas Harley.
4:45 of 2nd period - Slapshot by Martin Fehervary.
4:45 of 2nd period - Shot Misses the Net.
4:47 of 2nd period - Wrist shot by Martin Fehervary.
4:47 of 2nd period - Deflect By Kyle Palmieri.
4:47 of 2nd period - Shot Misses the Net.
4:47 of 2nd period - Puck is out of play.
4:48 of 2nd period - Ryan O'Reilly wins face-off versus Nick Foligno in Washington Capitals zone.
4:49 of 2nd period - Snap shot by Nikita Kucherov.
4:49 of 2nd period - Shot Misses the Net.
5:42 of 2nd period - Snap shot by Alex Ovechkin.
5:42 of 2nd period - Stopped by Daniil Tarasov without a rebound.
5:43 of 2nd period - Michael McLeod wins face-off versus Tim Stutzle in Colorado Rockies zone.
5:46 of 2nd period - Slapshot by Owen Tippett.
5:46 of 2nd period - Deflect By Drake Batherson.
5:46 of 2nd period - Shot Misses the Net.
5:46 of 2nd period - Puck is out of play.
5:47 of 2nd period - Ryan O'Reilly wins face-off versus Owen Tippett in Colorado Rockies zone.
5:58 of 2nd period - Snap shot by Nikita Kucherov.
5:58 of 2nd period - Stopped by Jake Oettinger with a rebound.
6:18 of 2nd period - Wrist shot by Nico Hischier.
6:18 of 2nd period - Stopped by Daniil Tarasov with a rebound.
8:52 of 2nd period - Wrist shot by Jesper Bratt.
8:52 of 2nd period - Stopped by Jake Oettinger without a rebound.
8:53 of 2nd period - Nico Hischier wins face-off versus Ryan O'Reilly in Washington Capitals zone.
9:08 of 2nd period - Snap shot by Jason Robertson.
9:08 of 2nd period - Shot Misses the Net.
9:14 of 2nd period - Jesper Bratt is hit by Nico Hischier and loses puck.
9:23 of 2nd period - Wrist shot by Nikita Kucherov.
9:23 of 2nd period - Shot Misses the Net.
9:25 of 2nd period - Snap shot by Martin Fehervary.
9:25 of 2nd period - Deflect By Jason Robertson.
9:25 of 2nd period - Stopped by Jake Oettinger with a rebound.
9:27 of 2nd period - Slapshot by Martin Fehervary.
9:27 of 2nd period - Shot Misses the Net.
9:29 of 2nd period - Wrist shot by Jesper Bratt.
9:29 of 2nd period - Stopped by Jake Oettinger with a rebound.
9:31 of 2nd period - Snap shot by Ryan O'Reilly.
9:31 of 2nd period - Stopped by Jake Oettinger with a rebound.
9:33 of 2nd period - Slapshot by Martin Fehervary.
9:33 of 2nd period - Deflect By Ryan O'Reilly.
9:33 of 2nd period - Shot Blocked by Jamie Oleksiak.
9:33 of 2nd period - Puck is out of play.
9:34 of 2nd period - Nick Foligno wins face-off versus Tim Stutzle in Washington Capitals zone.
9:50 of 2nd period - Wrist shot by Nick Foligno.
9:50 of 2nd period - Shot Misses the Net.
10:05 of 2nd period - Wrist shot by Owen Tippett.
10:05 of 2nd period - Shot Misses the Net.
10:07 of 2nd period - Slapshot by David Savard.
10:07 of 2nd period - Shot Blocked by Vince Dunn.
10:09 of 2nd period - Wrist shot by Drake Batherson.
10:09 of 2nd period - Shot Misses the Net.
10:23 of 2nd period - Timothy Liljegren is hit by Yegor Chinakhov and loses puck.
10:40 of 2nd period - Snap shot by Jesper Bratt.
10:40 of 2nd period - Stopped by Jake Oettinger with a rebound.
10:42 of 2nd period - Snap shot by Ryan O'Reilly.
10:42 of 2nd period - Deflect By Nikita Kucherov.
10:42 of 2nd period - Goal by Nikita Kucherov - Washington Capitals : 0 - Colorado Rockies : 1.
10:43 of 2nd period - Nico Hischier wins face-off versus Tim Stutzle in neutral zone.
11:10 of 2nd period - Martin Fehervary is hit by Nick Foligno and loses puck.
11:25 of 2nd period - Martin Fehervary is hit by Brad Marchand and loses puck.
11:35 of 2nd period - Minor Penalty to Drake Batherson for Holding.
11:36 of 2nd period - Ryan O'Reilly wins face-off versus Michael McLeod in Washington Capitals zone.
11:46 of 2nd period - Wrist shot by Jesper Bratt.
11:46 of 2nd period - Deflect By Ryan O'Reilly.
11:46 of 2nd period - Shot Blocked by Brad Marchand.
11:46 of 2nd period - Puck is out of play.
11:47 of 2nd period - Tim Stutzle wins face-off versus Michael McLeod in Washington Capitals zone.
11:48 of 2nd period - Wrist shot by David Pastrnak.
11:48 of 2nd period - Deflect By Kyle Connor.
11:48 of 2nd period - Shot Misses the Net.
11:48 of 2nd period - Puck is out of play.
11:49 of 2nd period - Tim Stutzle wins face-off versus Michael McLeod in Washington Capitals zone.
12:14 of 2nd period - David Savard is hit by Ryan O'Reilly and loses puck.
12:23 of 2nd period - Wrist shot by Ryan O'Reilly.
12:23 of 2nd period - Shot Hit the Post.
12:25 of 2nd period - Wrist shot by Nikita Kucherov.
12:25 of 2nd period - Deflect By Jesper Bratt.
12:25 of 2nd period - Stopped by Jake Oettinger without a rebound.
12:26 of 2nd period - Michael McLeod wins face-off versus Ryan O'Reilly in Washington Capitals zone.
12:26 of 2nd period - Michael McLeod is hit by Ryan O'Reilly.
12:38 of 2nd period - Slapshot by Jesper Bratt.
12:38 of 2nd period - Shot Blocked by Nick Jensen.
13:17 of 2nd period - Icing by Jesper Bratt.
13:18 of 2nd period - Michael McLeod wins face-off versus Ryan O'Reilly in Colorado Rockies zone.
13:35 of 2nd period - Penalty to Drake Batherson is over, Drake Batherson is back on ice.
13:36 of 2nd period - Off-side.
13:37 of 2nd period - Nico Hischier wins face-off versus Tim Stutzle in neutral zone.
14:16 of 2nd period - Off-side.
14:17 of 2nd period - Michael McLeod wins face-off versus Michael Bunting in neutral zone.
14:20 of 2nd period - Snap shot by Drake Batherson.
14:20 of 2nd period - Shot Blocked by Martin Fehervary.
14:22 of 2nd period - Slapshot by Thomas Harley.
14:22 of 2nd period - Stopped by Daniil Tarasov without a rebound.
14:23 of 2nd period - Nick Schmaltz wins face-off versus Michael McLeod in Colorado Rockies zone.
14:32 of 2nd period - Slapshot by Martin Fehervary.
14:32 of 2nd period - Deflect By Nick Schmaltz.
14:32 of 2nd period - Shot Misses the Net.
14:32 of 2nd period - Puck is out of play.
14:33 of 2nd period - Nico Hischier wins face-off versus Tim Stutzle in Washington Capitals zone.
14:40 of 2nd period - Snap shot by Alex Ovechkin.
14:40 of 2nd period - Deflect By Jason Robertson.
14:40 of 2nd period - Deflect By Tim Stutzle.
14:40 of 2nd period - Stopped by Daniil Tarasov without a rebound.
14:41 of 2nd period - Tim Stutzle wins face-off versus Nico Hischier in Colorado Rockies zone.
15:19 of 2nd period - Slapshot by David Pastrnak.
15:19 of 2nd period - Shot Blocked by Nico Hischier.
15:27 of 2nd period - Snap shot by Nico Hischier.
15:27 of 2nd period - Stopped by Daniil Tarasov without a rebound.
15:28 of 2nd period - Nick Foligno wins face-off versus Ryan O'Reilly in Colorado Rockies zone.
15:35 of 2nd period - Snap shot by Brad Marchand.
15:35 of 2nd period - Goal by Brad Marchand - Washington Capitals : 1 - Colorado Rockies : 1.
15:36 of 2nd period - Nico Hischier wins face-off versus Ryan O'Reilly in neutral zone.
16:10 of 2nd period - Ian Cole is hit by Jesper Bratt and loses puck.
16:37 of 2nd period - Michael McLeod is hit by Nikita Kucherov and loses puck.
16:46 of 2nd period - Wrist shot by Nikita Kucherov.
16:46 of 2nd period - Stopped by Jake Oettinger without a rebound.
16:47 of 2nd period - Nico Hischier wins face-off versus Nick Schmaltz in Washington Capitals zone.
16:58 of 2nd period - Wrist shot by Jason Robertson.
16:58 of 2nd period - Shot Blocked by Kyle Palmieri.
17:17 of 2nd period - Thomas Harley is hit by Kyle Connor and loses puck.
17:20 of 2nd period - Snap shot by Nick Foligno.
17:20 of 2nd period - Stopped by Daniil Tarasov without a rebound.
17:21 of 2nd period - Nick Foligno wins face-off versus Tim Stutzle in Colorado Rockies zone.
18:06 of 2nd period - Jamie Oleksiak is hit by Tim Stutzle and loses puck.
18:23 of 2nd period - Wrist shot by Brad Marchand.
18:23 of 2nd period - Shot Misses the Net.
18:44 of 2nd period - Icing by Tim Stutzle.
18:45 of 2nd period - Nico Hischier wins face-off versus Tim Stutzle in Colorado Rockies zone.
18:48 of 2nd period - Wrist shot by Jason Robertson.
18:48 of 2nd period - Stopped by Daniil Tarasov without a rebound.
18:49 of 2nd period - Nick Schmaltz wins face-off versus Nico Hischier in Colorado Rockies zone.
19:17 of 2nd period - Wrist shot by Yegor Chinakhov.
19:17 of 2nd period - Goal by Yegor Chinakhov - Washington Capitals : 2 - Colorado Rockies : 1.
19:18 of 2nd period - Ryan O'Reilly wins face-off versus Nico Hischier in neutral zone.
19:25 of 2nd period - Snap shot by Jesper Bratt.
19:25 of 2nd period - Shot Misses the Net.
19:33 of 2nd period - Wrist shot by Jason Robertson.
19:33 of 2nd period - Deflect By Alex Ovechkin.
19:33 of 2nd period - Shot Misses the Net.
19:33 of 2nd period - Puck is out of play.
19:34 of 2nd period - Kevin Hayes wins face-off versus Nick Foligno in Colorado Rockies zone.
19:50 of 2nd period - Slapshot by John Carlson.
19:50 of 2nd period - Deflect By Jordan Kyrou.
19:50 of 2nd period - Stopped by Daniil Tarasov with a rebound.
Goals for this period are 2 for Washington Capitals vs 1 for Colorado Rockies.
Shots for this period are 10 for Washington Capitals vs 12 for Colorado Rockies.
3rd period
0:01 of 3rd period - Kyle Palmieri wins face-off versus Nico Hischier in neutral zone.
0:26 of 3rd period - Victor Hedman is hit by Brad Marchand and loses puck.
0:31 of 3rd period - Wrist shot by Jordan Kyrou.
0:31 of 3rd period - Stopped by Daniil Tarasov with a rebound.
0:37 of 3rd period - Snap shot by Brad Marchand.
0:37 of 3rd period - Deflect By Nick Foligno.
0:37 of 3rd period - Stopped by Daniil Tarasov with a rebound.
0:43 of 3rd period - Minor Penalty to Victor Hedman for Tripping.
0:44 of 3rd period - Ryan O'Reilly wins face-off versus Nico Hischier in Colorado Rockies zone.
0:52 of 3rd period - Icing by Jason Robertson.
0:53 of 3rd period - Nikita Kucherov wins face-off versus Nico Hischier in Washington Capitals zone.
1:14 of 3rd period - Snap shot by Nico Hischier.
1:14 of 3rd period - Shot Blocked by David Pastrnak.
1:16 of 3rd period - Snap shot by Alex Ovechkin.
1:16 of 3rd period - Goal by Alex Ovechkin - Washington Capitals : 3 - Colorado Rockies : 1.
1:17 of 3rd period - Nico Hischier wins face-off versus Nick Schmaltz in neutral zone.
1:43 of 3rd period - Nikita Zadorov is hit by Thomas Harley.
1:46 of 3rd period - Off-side.
1:47 of 3rd period - Nick Foligno wins face-off versus Ryan O'Reilly in neutral zone.
1:59 of 3rd period - Wrist shot by Brad Marchand.
1:59 of 3rd period - Stopped by Daniil Tarasov with a rebound.
2:05 of 3rd period - Jamie Oleksiak is hit by Jesper Bratt.
2:43 of 3rd period - Wrist shot by Jesper Bratt.
2:43 of 3rd period - Stopped by Jake Oettinger with a rebound.
2:45 of 3rd period - Minor Penalty to Nick Foligno for Boarding.
2:46 of 3rd period - Tim Stutzle wins face-off versus Michael McLeod in Washington Capitals zone.
2:55 of 3rd period - Wrist shot by David Pastrnak.
2:55 of 3rd period - Deflect By Tim Stutzle.
2:55 of 3rd period - Goal by Tim Stutzle - Washington Capitals : 3 - Colorado Rockies : 2.
2:56 of 3rd period - Nico Hischier wins face-off versus Kevin Hayes in neutral zone.
4:53 of 3rd period - Slapshot by Evgeny Kuznetsov.
4:53 of 3rd period - Deflect By Nick Schmaltz.
4:53 of 3rd period - Stopped by Jake Oettinger without a rebound.
4:54 of 3rd period - Kyle Palmieri wins face-off versus Michael McLeod in Washington Capitals zone.
5:07 of 3rd period - Slapshot by Quinn Hughes.
5:07 of 3rd period - Stopped by Jake Oettinger with a rebound.
5:19 of 3rd period - Wrist shot by Nikita Kucherov.
5:19 of 3rd period - Stopped by Jake Oettinger without a rebound.
5:20 of 3rd period - Nico Hischier wins face-off versus Ryan O'Reilly in Washington Capitals zone.
5:25 of 3rd period - Vince Dunn is hit by Jason Robertson and loses puck.
5:46 of 3rd period - Snap shot by Michael Bunting.
5:46 of 3rd period - Shot Misses the Net.
6:12 of 3rd period - Slapshot by Jason Robertson.
6:12 of 3rd period - Stopped by Daniil Tarasov without a rebound.
6:13 of 3rd period - Tim Stutzle wins face-off versus Brad Marchand in Colorado Rockies zone.
6:40 of 3rd period - Evgeny Kuznetsov is hit by David Savard and loses puck.
7:24 of 3rd period - Off-side.
7:25 of 3rd period - Ryan O'Reilly wins face-off versus Jordan Kyrou in neutral zone.
8:40 of 3rd period - Timothy Liljegren is hit by Fabian Zetterlund and loses puck.
8:57 of 3rd period - Nick Foligno is hit by Nikita Zadorov and loses puck.
9:01 of 3rd period - Minor Penalty to Ryan O'Reilly for Slashing.
9:02 of 3rd period - Nico Hischier wins face-off versus Jesper Bratt in Colorado Rockies zone.
9:16 of 3rd period - Minor Penalty to Jesper Bratt for Interference.
9:17 of 3rd period - Nico Hischier wins face-off versus Nikita Kucherov in Colorado Rockies zone.
9:37 of 3rd period - Minor Penalty to Alex Ovechkin for Tripping.
9:38 of 3rd period - Nikita Kucherov wins face-off versus Nico Hischier in Washington Capitals zone.
9:50 of 3rd period - Snap shot by Nico Hischier.
9:50 of 3rd period - Shot Misses the Net.
9:52 of 3rd period - Wrist shot by Nico Hischier.
9:52 of 3rd period - Stopped by Daniil Tarasov with a rebound.
9:54 of 3rd period - Slapshot by John Carlson.
9:54 of 3rd period - Shot Blocked by Nikita Zadorov.
10:04 of 3rd period - Nikita Zadorov is hit by Thomas Harley.
10:13 of 3rd period - Off-side.
10:14 of 3rd period - Nikita Kucherov wins face-off versus Nico Hischier in neutral zone.
10:29 of 3rd period - Wrist shot by Nikita Kucherov.
10:29 of 3rd period - Shot Blocked by Drake Batherson.
10:41 of 3rd period - Owen Tippett is hit by Quinn Hughes and loses puck.
11:01 of 3rd period - Penalty to Ryan O'Reilly is over, Ryan O'Reilly is back on ice.
11:16 of 3rd period - Penalty to Jesper Bratt is over, Jesper Bratt is back on ice.
11:37 of 3rd period - Penalty to Alex Ovechkin is over, Alex Ovechkin is back on ice.
11:41 of 3rd period - Wrist shot by Ryan O'Reilly.
11:41 of 3rd period - Stopped by Jake Oettinger with a rebound.
12:33 of 3rd period - Michael McLeod is hit by Nikita Zadorov and loses puck.
13:17 of 3rd period - Snap shot by Jesper Bratt.
13:17 of 3rd period - Deflect By Ryan O'Reilly.
13:17 of 3rd period - Shot Blocked by John Carlson.
13:17 of 3rd period - Puck is out of play.
13:18 of 3rd period - Nick Schmaltz wins face-off versus Derek Ryan in Washington Capitals zone.
13:25 of 3rd period - Snap shot by Nick Schmaltz.
13:25 of 3rd period - Stopped by Jake Oettinger with a rebound.
13:43 of 3rd period - Victor Hedman is hit by Yegor Chinakhov and loses puck.
14:33 of 3rd period - Icing by Tim Stutzle.
14:34 of 3rd period - Nick Foligno wins face-off versus Tim Stutzle in Colorado Rockies zone.
14:35 of 3rd period - Snap shot by Jordan Kyrou.
14:35 of 3rd period - Stopped by Daniil Tarasov without a rebound.
14:36 of 3rd period - Tim Stutzle wins face-off versus Nick Foligno in Colorado Rockies zone.
14:50 of 3rd period - Minor Penalty to Nick Foligno for Tripping.
14:51 of 3rd period - Tim Stutzle wins face-off versus Michael McLeod in Washington Capitals zone.
16:05 of 3rd period - Kyle Connor is hit by Derek Ryan.
16:50 of 3rd period - Penalty to Nick Foligno is over, Nick Foligno is back on ice.
18:00 of 3rd period - Slapshot by John Carlson.
18:00 of 3rd period - Stopped by Daniil Tarasov with a rebound.
18:02 of 3rd period - Snap shot by Jamie Oleksiak.
18:02 of 3rd period - Shot Blocked by Kyle Palmieri.
18:04 of 3rd period - Snap shot by Jamie Oleksiak.
18:04 of 3rd period - Shot Misses the Net.
18:06 of 3rd period - Wrist shot by Fabian Zetterlund.
18:06 of 3rd period - Shot Misses the Net.
18:08 of 3rd period - Snap shot by Derek Ryan.
18:08 of 3rd period - Stopped by Daniil Tarasov with a rebound.
18:31 of 3rd period - Icing by Martin Fehervary.
18:32 of 3rd period - Nick Bonino wins face-off versus Nick Foligno in Colorado Rockies zone.
18:32 of 3rd period - Nick Bonino is hit by Ian Cole.
18:54 of 3rd period - Slapshot by Drake Batherson.
18:54 of 3rd period - Stopped by Daniil Tarasov with a rebound.
19:17 of 3rd period - Wrist shot by Nick Foligno.
19:17 of 3rd period - Shot Blocked by Ryan O'Reilly.
19:21 of 3rd period - Snap shot by Brad Marchand.
19:21 of 3rd period - Stopped by Daniil Tarasov without a rebound.
19:22 of 3rd period - Bruce Cassidy call a timeout for Colorado Rockies.
19:22 of 3rd period - Michael McLeod wins face-off versus Ryan O'Reilly in Colorado Rockies zone.
19:35 of 3rd period - Colorado Rockies, Daniil Tarasov is pulled from the net.
19:39 of 3rd period - Wrist shot by Ryan O'Reilly.
19:39 of 3rd period - Stopped by Jake Oettinger with a rebound.
19:51 of 3rd period - Backhand shot by Nikita Kucherov.
19:51 of 3rd period - Stopped by Jake Oettinger without a rebound.
19:52 of 3rd period - Ryan O'Reilly wins face-off versus Michael McLeod in Washington Capitals zone.
Goals for this period are 1 for Washington Capitals vs 1 for Colorado Rockies.
Shots for this period are 11 for Washington Capitals vs 9 for Colorado Rockies.
Back to the Top